 Dungeon Crawl Stone Soup version 0.24-a0-179-g7a2c91a (console) character file.

Game seed: 2795594070452989885

722 Duffy the Insei (level 7, 0/43 HPs)
             Began as an Octopode Transmuter on Mar 13, 2019.
             Was an Initiate of Gozag.
             Slain by a hornet (14 damage)
             ... on level 6 of the Dungeon.
             The game lasted 00:06:07 (3931 turns).

Duffy the Insei (Octopode Transmuter)               Turns: 3931, Time: 00:06:07

Health: 0/43       AC:  1    Str:  9    XL:     7   Next: 71%
Magic:  6/11       EV: 15    Int: 17    God:    Gozag
Gold:   205        SH:  0    Dex: 13    Spells: 1/11 levels left

rFire    . . .     SeeInvis .     - Unarmed
rCold    . . .     Gourm    .   (no shield)
rNeg     . . .     Faith    .   (helmet restricted)
rPois    .         Spirit   .   n - amulet of regeneration
rElec    .         Reflect  .   r - ring of stealth
rCorr    .         Harm     .   (no ring)
MR       .....                  (no ring)
Stlth    +++.......             (no ring)
HPRegen  0.54/turn              (no ring)
MPRegen  0.12/turn              (no ring)
                                (no ring)
                                (no ring)

@: very slightly contaminated, slowed, very slow
A: almost no armour, stealthy swim, amphibious, 8 rings, constrict 8, camouflage
1, gelatinous body 1
a: Potion Petition, Call Merchant, Bribe Branch, Renounce Religion


You were on level 6 of the Dungeon.
You worshipped Gozag.
Gozag was aware of your devotion.
You were near starving.

You visited 2 branches of the dungeon, and saw 7 of its levels.

You collected 277 gold pieces.
You paid 72 gold pieces to Gozag.

Inventory:

Missiles
 a - 87 arrows
Jewellery
 n - an amulet of regeneration (around mantle)
 r - a ring of stealth (left tentacle)
Scrolls
 d - a scroll of random uselessness {unknown}
 e - 7 scrolls of identify {unknown}
 h - 4 scrolls of teleportation {unknown}
 i - a scroll of amnesia {unknown}
 k - 3 scrolls of remove curse {unknown}
 l - 2 scrolls of enchant weapon {unknown}
 m - a scroll of noise {unknown}
 q - a scroll of fog {unknown}
 v - a scroll of fear {unknown}
 x - a scroll of enchant armour {unknown}
 y - a scroll of magic mapping {unknown}
Potions
 b - a potion of magic {unknown}
 f - 4 potions of curing {unknown}
 g - 2 potions of might {unknown}
 j - a potion of cancellation {unknown}
 o - a potion of flight {unknown}
 p - a potion of heal wounds {unknown}
 s - a potion of berserk rage {unknown}
 t - a potion of agility {unknown}
 w - a potion of haste {unknown}
 z - a potion of degeneration {unknown}
Comestibles
 c - 17 rations


   Skills:
 - Level 1.0 Fighting
 + Level 4.3 Dodging
 + Level 6.1 Unarmed Combat
 + Level 2.7 Spellcasting
 - Level 3.5 Transmutations
 - Level 3.4 Poison Magic


You had one spell level left.
You knew the following spells:

 Your Spells              Type           Power        Failure   Level  Hunger
h - Spider Form           Tmut/Pois      ##........   13%         3    ###....
j - Sticks to Snakes      Tmut           ##......     6%          2    ##.....
k - Beastly Appendage     Tmut           ##....       4%          1    #......
l - Ice Form              Ice/Tmut       #.......     65%         4    #####..

Your spell library contained the following spells:

 Spells                   Type           Power        Failure   Level  Hunger
 Blade Hands              Tmut           ##........   75%         5    ######.


Dungeon Overview and Level Annotations

Branches:
Dungeon (6/15)             Temple (1/1) D:5

Altars:
Cheibriados
Dithmenos
Elyvilon
Fedhas
Gozag
Hepliaklqana
Kikubaaqudgha
Makhleb
Nemelex Xobeh
Okawaru
Qazlal
Ru
Sif Muna
Trog
Uskayaw
Vehumet
Wu Jian
Xom
Yredelemnul
Zin
The Shining One


Innate Abilities, Weirdness & Mutations

You cannot wear most types of armour.
You are very stealthy in the water. (Stealth+)
You are amphibious.
You can wear up to eight rings at the same time.
You can use your tentacles to constrict eight enemies at once.
Your skin changes colour to match your surroundings (Stealth+).
Your rubbery body absorbs attacks. (AC +1, EV +1)


Message History

The orc wizard gestures wildly while chanting.
The orc wizard flickers and vanishes!
Deactivating autopickup; reactivate with Ctrl-A.
The hornet stings you but does no damage.
You hit the hornet but do no damage.
The hornet is poisoned.
The hornet completely misses you. The hornet misses you.
You barely miss the hornet.
The hornet is lightly wounded.
You feel yourself speed up. The hornet stings you.
You feel yourself slow down. The hornet completely misses you.
You hit the hornet.
The hornet is heavily wounded.
The hornet completely misses you. x2
You barely miss the hornet.
The hornet is heavily wounded.
Your transformation has ended.
The hornet stings you!
You die...
Your body crumbles into a pile of gold.

##..##
#...# $ $
#...####.#
$
#........#
##.#.#####
#.#oo#
#.##$#
#..#y#
##.#@#
#...##
##...#
#.#.#
#.#.#
#...##
##...#
#...#
##..#


You could see a hornet and 2 orcs.

Vanquished Creatures
  A black bear (D:6)
  An ogre (D:4)
  A bullfrog (D:6)
  A howler monkey (D:5)
  A bullfrog zombie (D:5)
  A bullfrog skeleton (D:5)
  A hound (D:3)
  A jelly (D:5)
  2 orc wizards
  An iguana (D:5)
  3 worker ants
  11 adders
  A worm (D:2)
  3 leopard geckos
  11 orcs
  2 bats (D:3)
  A giant cockroach (D:1)
  8 goblins
  4 hobgoblins
  4 jackals
  7 kobolds
  2 quokkas
  2 ball pythons (D:3)
  4 frilled lizards
  A quokka skeleton (D:5)
  8 rats
83 creatures vanquished.

Notes
Turn   | Place    | Note
-------+----------+-------------------------------------------
     0 | D:1      | Duffy the Octopode Transmuter began the quest for the Orb.
     0 | D:1      | Reached XP level 1. HP: 13/13 MP: 3/3
   162 | D:1      | Reached XP level 2. HP: 8/18 MP: 5/5
   319 | D:1      | Learned a level 2 spell: Sticks to Snakes
   852 | D:2      | Found a faded altar of an unknown god.
   912 | D:2      | Reached XP level 3. HP: 23/23 MP: 6/6
   920 | D:2      | Learned a level 3 spell: Spider Form
  1050 | D:2      | Reached skill level 1 in Poison Magic
  1341 | D:2      | Reached XP level 4. HP: 25/28 MP: 0/7
  1991 | D:3      | Reached skill level 4 in Unarmed Combat
  2083 | D:3      | Reached XP level 5. HP: 33/33 MP: 8/8
  2573 | D:4      | Found a blossoming altar of Fedhas.
  2573 | D:4      | Noticed an ogre
  2584 | D:4      | Killed an ogre
  2694 | D:4      | Reached XP level 6. HP: 35/38 MP: 5/9
  2993 | D:5      | Entered Level 5 of the Dungeon
  3072 | D:5      | Reached skill level 5 in Unarmed Combat
  3285 | D:5      | Found a stormy altar of Qazlal.
  3304 | D:5      | Reached XP level 7. HP: 42/43 MP: 8/10
  3333 | D:5      | Learned a level 4 spell: Ice Form
  3558 | D:5      | Found a staircase to the Ecumenical Temple.
  3682 | Temple   | Entered the Ecumenical Temple
  3750 | Temple   | Became a worshipper of Gozag Ym Sagoz the Greedy
  3866 | D:6      | Reached skill level 6 in Unarmed Combat
  3920 | D:6      | Noticed a hornet
  3931 | D:6      | Slain by a hornet

Levels and vault maps discovered:
D:1:      dpeg_arrival_court, layout_basic, minmay_distorted
D:2:      layout_basic, chequers_ecumenical_altar_simple_redux, serial_forest,
          infiniplex_forest_clump_cross, infiniplex_forest_clump_long,
          infiniplex_forest_pool, infiniplex_forest_corner_2,
          infiniplex_forest_corner_1, infiniplex_forest_pool,
          infiniplex_forest_end_2, corexii_corridor_pit
D:3:      layout_basic, corexii_shack
D:4:      layout_rooms, first_ration, fedhas_altar_1
D:5:      layout_cave_pools, minmay_temple_entry_enclosed_plants,
          grunt_qazlal_sundering
D:6:      layout_basic, minmay_starry_boxes, uniq_blork_the_orc
Temple:   dpeg_three_leaves_temple

Skill      XL: |  1  2  3  4  5  6  7 |
---------------+----------------------+-----
Transmutations | 3 |  3.5
Poison Magic   | 1 2 3 |  3.4
Unarmed Combat | 4 5 6 |  6.1
Dodging        | 3 4 |  4.3
Fighting       | |  1.0
Spellcasting   | |  2.7

Action                   |  1- 3 |  4- 6 |  7- 9 || total
-------------------------+-------+-------+-------++-------
Melee: Unarmed           |    78 |   128 |    43 ||   249
       Constrict         |    18 |    17 |     2 ||    37
       Punch             |     2 |     1 |       ||     3
       Tentacles         |     6 |    17 |     3 ||    26
       Kick              |       |       |     1 ||     1
 Cast: Spider Form       |     2 |     8 |     4 ||    14
       Beastly Appendage |       |       |     2 ||     2
 Stab: Sleeping          |     5 |     7 |     2 ||    14
  Eat: Chunk             |     2 |     7 |     1 ||    10
Armor: Skin              |     1 |     5 |     3 ||     9
Dodge: Dodged            |    46 |   104 |    32 ||   182

Table legend:
 A = Non-vault XP
 B = Vault XP
 C = Vault XP percentage of total XP
 D = Non-vault monster count
 E = Vault monster count
 F = Vault count percentage of total count
                 A         B        C        D         E       F
            +---------+---------+-------+---------+---------+-------
      Total |    1027 |       5 |   0.5 |      80 |       3 |   3.6
            +---------+---------+-------+---------+---------+-------
        D:1 |      20 |       3 |  13.0 |      13 |       2 |  13.3
        D:2 |      69 |       0 |   0.0 |      18 |       0 |   0.0
        D:3 |      97 |       2 |   2.0 |      24 |       1 |   4.0
        D:4 |     179 |       0 |   0.0 |       5 |       0 |   0.0
        D:5 |     357 |       0 |   0.0 |      15 |       0 |   0.0
        D:6 |     305 |       0 |   0.0 |       5 |       0 |   0.0
            +---------+---------+-------+---------+---------+-------
